Map: [ESL] Hecate

Players

ForJumy

  • Race: Protoss Protoss
  • Spawn Location: 1:00

Clem - Winner!

  • Race: Terran Terran
  • Spawn Location: 7:00

Event: ESL SC2 Masters 2023 Winter (Regional)

VOD

Have the link to the VOD?

Description

Time

  • Played on: Oct. 27, 2023, 11:38 a.m.
  • Length: 4:56

All games in this series

Show
View Real Time Build Order
Export as new Build Order

ForJumy Protoss 

Build Orders:  

Get SALT Encoding   

  12  0:00  Probe  
  13  0:12  Probe  
  14  0:17  Pylon  
  14  0:24  Probe (Chrono Boost)  
  15  0:35  Gateway  
  15  0:36  Probe (Chrono Boost)  
  15  0:41  Assimilator  
  16  0:46  Probe (Chrono Boost)  
  17  0:51  Probe  
  18  1:03  Probe  
  19  1:16  Probe  
  20  1:23  Zealot, Cybernetics Core  
  22  1:28  Probe  
  23  1:36  Pylon  
  23  2:04  Nexus, Sentry  
  25  2:09  Warp Gate  
  25  2:11  Probe  
  26  2:16  Assimilator  
  26  2:24  Probe  
  26  2:27  Stalker (Chrono Boost)  
  29  2:36  Probe  
  30  2:48  Probe  
  31  2:53  Robotics Facility  
  31  3:11  Gateway  
  31  3:16  Adept  
  31  3:17  Shield Battery, Probe (Chrono Boost)  
  31  3:18  Probe (Chrono Boost)  
  37  3:27  Shield Battery, Probe x2 (Chrono Boost)  
  37  3:31  Probe (Chrono Boost)  
  37  3:32  Probe (Chrono Boost)  
  32  3:43  Immortal (Chrono Boost)  
  35  3:49  Probe  
  36  3:56  Probe  
  35  4:04  Stalker  
  35  4:07  Sentry  
  35  4:09  Probe  
  29  4:17  Probe  
  29  4:21  Probe (Chrono Boost)  
  30  4:29  Probe (Chrono Boost)  
  31  4:33  Probe (Chrono Boost)  
  31  4:35  Sentry x2  
  36  4:40  Probe (Chrono Boost)  
  36  4:42  Probe (Chrono Boost)  
Show
View Real Time Build Order
Export as new Build Order

Clem Terran - Winner!

Build Orders: Cyclone Opening 

Get SALT Encoding   

  12  0:00  SCV  
  13  0:12  SCV  
  14  0:17  Supply Depot  
  14  0:24  SCV  
  14  0:28  Refinery  
  15  0:38  SCV  
  16  0:45  Barracks  
  16  0:50  SCV  
  17  1:03  SCV  
  18  1:10  Engineering Bay  
  18  1:15  SCV  
  19  1:32  Orbital Command, Marine  
  20  1:36  Factory  
  20  1:44  Supply Depot  
  20  1:51  Barracks Reactor  
  20  1:57  SCV  
  21  2:09  SCV  
  22  2:20  Cyclone  
  25  2:26  Command Center  
  25  2:27  Marine  
  25  2:28  Marine  
  26  2:32  SCV  
  26  2:36  Supply Depot  
  27  2:45  Marine x2  
  29  2:52  SCV  
  29  2:54  Refinery  
  29  2:57  Cyclone  
  32  3:03  Marine x2  
  32  3:04  SCV  
  35  3:12  Starport  
  35  3:16  SCV  
  36  3:20  Marine  
  36  3:21  Marine  
  38  3:28  SCV  
  39  3:37  Cyclone  
  39  3:38  Marine  
  39  3:40  SCV  
  43  3:44  SCV  
  43  3:47  Marine  
  45  3:53  SCV  
  45  3:56  Marine  
  43  4:04  Marine, Medivac  
  43  4:06  SCV  
  43  4:09  Cyclone  
  48  4:14  Marine  
  48  4:18  SCV  
  48  4:22  Marine  
  45  4:29  Orbital Command  
  45  4:30  SCV  
  44  4:32  Barracks  
  44  4:34  Marine  
  45  4:39  Supply Depot  
  45  4:42  SCV  
Tags
 
Add a new tag
Caveats
  • Supply blocks, unpowered buildings, or Contaminate may cause inaccurate times.
  • Supply counts are checked every 10 seconds.